 Dungeon Crawl Stone Soup version 0.13.1-22-g086cdba (webtiles) character file.

426 Kae the Ruffian (level 5, -7/40 HPs)
             Began as a Draconian Transmuter on Dec 31, 2013.
             Was an Initiate of Sif Muna.
             Killed by divine providence
             ... invoked by an orc priest
              (14 damage)
             ... on Level 4 of the Dungeon.
             The game lasted 00:06:16 (3810 turns).

Kae the Ruffian (Draconian Transmuter)              Turns: 3810, Time: 00:06:16

HP  -7/40        AC  6     Str 13      XL: 5   Next: 93%
MP   7/7         EV 12     Int 13      God: Sif Muna [......]
Gold 169         SH  0     Dex 12      Spells:  2 memorised,  5 levels left

Res.Fire  : . . .   See Invis. : .     - Unarmed
Res.Cold  : . . .   Warding    : .   (armour unavailable)
Life Prot.: . . .   Conserve   : .   (no shield)
Res.Poison: .       Res.Corr.  : .   (helmet restricted)
Res.Elec. : .       Clarity    : .   (no cloak)
Sust.Abil.: . .     Spirit.Shd : .   y - +0 pair of orc gauntlets
Res.Mut.  : .       Stasis     : .   (no boots)
Res.Rott. : .       Flight     : .   (no amulet)
Saprovore : . . .                    (no ring)
                                     (no ring)

@: slightly resistant to hostile enchantments, unstealthy
A: unfitting armour, AC +5
a: Renounce Religion


You were on level 4 of the Dungeon.
You worshipped Sif Muna.
Sif Muna was noncommittal.
You were very hungry.

You visited 1 branch of the dungeon, and saw 4 of its levels.

You collected 149 gold pieces.

Inventory:

Missiles
 b - 72 arrows
 i - 11 arrows of flame
Armour
 y - a +0 pair of orcish gauntlets (worn)
Comestibles
 a - 2 bread rations
 g - 3 pears
 A - 6 strawberries
 B - a meat ration
Scrolls
 c - 2 scrolls of enchant weapon I {unknown}
 h - a scroll of recharging {unknown}
 j - 2 scrolls of fear {unknown}
 k - 2 scrolls of teleportation {unknown}
 n - 2 scrolls of noise {unknown}
 q - 4 scrolls of identify {unknown}
 s - 2 scrolls of remove curse {unknown}
 t - a scroll of enchant armour {unknown}
 v - 4 scrolls of curse weapon {unknown}
Jewellery
 l - a cursed -2 ring of dexterity {unknown}
 x - an uncursed ring of ice {unknown}
Potions
 e - a potion of degeneration {unknown}
 f - 7 potions of curing {unknown}
 m - a potion of might {unknown}
 o - 2 potions of cure mutation {unknown}
 p - a potion of resistance {unknown}
 r - a potion of confusion {unknown}
 u - 3 potions of restore abilities {unknown}
 w - 3 potions of speed {unknown}
 z - a potion of flight {unknown}
Books
 d - a book of Changes

   Spells                             Type                      Level
   *Beastly Appendage                 Transmutation                1
   *Sticks to Snakes                  Transmutation                2
   Spider Form                        Transmutation/Poison         3
   Ice Form                           Ice/Transmutation            4
   Blade Hands                        Transmutation                5


   Skills:
 - Level 1.1 Fighting
 - Level 1.7 Dodging
 * Level 5.8 Unarmed Combat
 - Level 2.0 Spellcasting
 + Level 3.8 Transmutations


You had 5 spell levels left.
You knew the following spells:

 Your Spells              Type           Power        Failure   Level  Hunger
a - Beastly Appendage     Trmt           ##....       8%          1    ##.....
b - Sticks to Snakes      Trmt           ##........   10%         2    ###....


Dungeon Overview and Level Annotations

Branches:
Dungeon (4/27)
 Temple: D:4-7

Altars:
Nemelex Xobeh
Sif Muna
the Shining One

Annotations:
D:4 dsn's ghost, experienced GrBe


Message History

The orc priest hits you but does no damage.
You hit the orc priest but do no damage.
You tail-slap the orc priest.
The orc priest is severely wounded.
The orc barely misses you.
The orc priest's eyes start to glow.
You hit the orc priest but do no damage.
The orc priest is severely wounded.
The orc hits you with an orcish dagger of flaming.
* * * LOW HITPOINT WARNING * * *
The orc burns you.
* * * LOW HITPOINT WARNING * * *
You hit the orc priest but do no damage.
The orc priest is severely wounded.
The orc priest misses you. The orc hits you but does no damage.
You barely miss the orc priest.
The orc priest is severely wounded.
The orc priest mumbles some strange prayers to Beogh against you.
Something smites you!
You die...

#.# #.#.# #.#.# #.. #.#
#.#.########.#.###########
..#
#.#.......<#.#..%....[....
#
#.##########o#############
#.#..l............#
#.#.########o####.# #.#
#.########l# #.....o@ooo#
############


You could see an iguana, an orc priest and 3 orcs.

Vanquished Creatures
  2 hounds (D:4)
  Ijyb (D:3)
  Jessica (D:3)
  2 ogre skeletons (D:4)
  A hound skeleton (D:4)
  Terence (D:3)
  2 adders (D:2)
  A giant mite (D:3)
  2 worms (D:2)
  An orc (D:4)
  3 ball pythons
  6 giant cockroaches
  7 hobgoblins
  4 jackals (D:4)
  6 kobolds
  A quokka (D:2)
  8 bats
  A giant gecko (D:2)
  5 giant newts
  4 goblins
  A kobold skeleton (D:4)
  14 rats
74 creatures vanquished.

Notes
Turn   | Place    | Note
--------------------------------------------------------------
     0 | D:1      | Kae, the Draconian Transmuter, began the quest for the Orb.
     0 | D:1      | Reached XP level 1. HP: 16/16 MP: 1/1
   192 | D:1      | Reached XP level 2. HP: 20/23 MP: 3/3
   713 | D:2      | Learned a level 2 spell: Sticks to Snakes
  1284 | D:2      | Reached skill level 4 in Unarmed Combat
  1284 | D:2      | Reached XP level 3. HP: 10/28 MP: 2/4
  2076 | D:3      | Noticed Ijyb
  2107 | D:3      | Killed Ijyb
  2107 | D:3      | Reached XP level 4. HP: 23/35 MP: 4/6
  2146 | D:3      | Noticed Jessica
  2162 | D:3      | Killed Jessica
  2365 | D:3      | Found a glowing golden altar of the Shining One.
  2365 | D:3      | Found a sparkling altar of Nemelex Xobeh.
  2453 | D:3      | Noticed Terence
  2464 | D:3      | Killed Terence
  2464 | D:3      | Reached skill level 5 in Unarmed Combat
  2631 | D:3      | Reached XP level 5. HP: 30/40 MP: 7/7
  2807 | D:3      | Found a deep blue altar of Sif Muna.
  2853 | D:3      | Became a worshipper of Sif Muna the Loreminder
  3299 | D:4      | Noticed an ogre
  3638 | D:4      | Noticed dsn's ghost (experienced GrBe)
  3810 | D:4      | Killed from afar by an orc priest

Action                   |  1- 3 |  4- 6 || total
-------------------------+-------+-------++-------
Melee: Unarmed           |   193 |   124 ||   317
 Cast: Beastly Appendage |    17 |     7 ||    24
       Sticks to Snakes  |       |     3 ||     3
 Stab: Sleeping          |     1 |       ||     1
